 Dungeon Crawl Stone Soup version 0.22.0-36-g8e74550 (webtiles) character file.

57775 blexxed the Severer (level 14, -6/125 HPs)
             Began as a Minotaur Fighter on Aug 25, 2018.
             Was a High Priest of Okawaru.
             Mangled by a stone giant (30 damage)
             ... on level 2 of the Orcish Mines.
             The game lasted 00:28:35 (21961 turns).

blexxed the Severer (Minotaur Fighter)             Turns: 21961, Time: 00:28:36

Health: -6/125     AC: 26    Str: 26    XL:     14   Next: 47%
Magic:  15/16      EV: 16    Int:  9    God:    Okawaru [*****.]
Gold:   1439       SH: 19    Dex: 11    Spells: 13/13 levels left

rFire    + . .     SeeInvis .   V - +4 war axe (venom)
rCold    . . .     Gourm    .   T - +3 shield "Oqush" {Str+5}
rNeg     . . .     Faith    .   E - +1 plate armour {rF+}
rPois    .         Spirit   .   (helmet restricted)
rElec    .         Reflect  .   z - +0 cloak
rCorr    +         Harm     .   J - +0 pair of gloves
MR       +....                  S - +2 pair of boots
Stlth    ..........             (no amulet)
HPRegen  0.30/turn              s - +6 ring of evasion
MPRegen  0.15/turn              r - ring of resist corrosion

@: heroism
A: retaliatory headbutt, horns 2
a: Heroism, Finesse, Renounce Religion


You were on level 2 of the Orcish Mines.
You worshipped Okawaru.
Okawaru was extremely pleased with you.
You were not hungry.

You visited 4 branches of the dungeon, and saw 20 of its levels.

You collected 1439 gold pieces.

Inventory:

Hand Weapons
 a - a +0 war axe
 A - a +1 vampiric hand axe
 C - a +1 hand axe of chopping
 Q - the +9 flail "Effione" {holy, MR+ MP+9}
   (You found it on level 11 of the Dungeon)

   It has been blessed by the Shining One to cause great damage to the undead
   and demons.
   It affects your resistance to hostile enchantments.
   It affects your magic capacity (+9).
 V - a +4 war axe of venom (weapon)
Missiles
 U - 5 javelins of returning (quivered)
Armour
 b - a +0 scale mail
 c - a +1 shield
 h - a +3 scale mail
 z - a +0 cloak (worn)
 E - a +1 plate armour of fire resistance (worn)
 J - a +0 pair of gloves (worn)
 S - a +2 pair of boots (worn)
 T - the +3 shield "Oqush" (worn) {Str+5}
   (Okawaru gifted it to you on level 6 of the Lair of Beasts)

   It affects your strength (+5).
Jewellery
 r - a ring of resist corrosion (right hand)
 s - a +6 ring of evasion (left hand)
 K - an uncursed ring of magical power
 N - an uncursed ring of flight
 O - an uncursed ring of wizardry
Wands
 i - a wand of paralysis (16)
 m - a wand of flame (102)
 v - a wand of acid (11)
 D - a wand of random effects (66)
 F - a wand of clouds (10)
 G - a wand of polymorph (21)
 P - a wand of iceblast (9)
Scrolls
 d - 3 scrolls of amnesia
 n - 8 scrolls of remove curse
 o - 5 scrolls of fog
 p - 3 scrolls of teleportation
 t - a scroll of blinking
 w - 3 scrolls of immolation
 x - 7 scrolls of enchant weapon
 y - a scroll of magic mapping
 B - 6 scrolls of enchant armour
 H - 3 scrolls of identify
 I - 2 scrolls of noise
 R - a scroll of fear
Potions
 e - 8 potions of curing
 g - 6 potions of brilliance
 j - 3 potions of heal wounds
 k - 3 potions of mutation
 l - a potion of invisibility
 q - 6 potions of agility
 u - a potion of magic
 L - 2 potions of might
 M - a potion of haste
Comestibles
 f - 26 rations


   Skills:
 - Level 11.9(16.9) Fighting
 - Level 18.4(23.4) Axes
 + Level 12.8(17.8) Armour
 + Level 15.0(20.0) Shields
 - Level 5.3 Invocations


You had 13 spell levels left.
You didn't know any spells.
Your spell library contained the following spells:

 Spells                   Type           Power        Failure   Level  Hunger
 Animate Skeleton         Necr           N/A          93%         1    ##.....
 Apportation              Tloc           #.....       93%         1    ##.....
 Confusing Touch          Hex            #.....       93%         1    ##.....
 Corona                   Hex            #......      93%         1    ##.....
 Flame Tongue             Conj/Fire      #....        93%         1    ##.....
 Magic Dart               Conj           #...         93%         1    ##.....
 Sandblast                Erth           #.....       93%         1    ##.....
 Sting                    Conj/Pois      #...         93%         1    ##.....
 Summon Small Mammal      Summ           #...         93%         1    ##.....
 Ensorcelled Hibernation  Hex/Ice        #.....       98%         2    ###....
 Passwall                 Tmut/Erth      #.......     98%         2    ###....
 Poisonous Vapours        Pois/Air       #.....       98%         2    ###....
 Searing Ray              Conj           #.....       98%         2    ###....
 Throw Flame              Conj/Fire      #.....       98%         2    ###....
 Confuse                  Hex            #.......     100%        3    ####...
 Conjure Flame            Conj/Fire      #.......     100%        3    ####...
 Dazzling Spray           Conj/Hex       #.....       100%        3    ####...
 Inner Flame              Hex/Fire       #.......     100%        3    ####...
 Mephitic Cloud           Conj/Pois/Air  #.......     100%        3    ####...
 Stone Arrow              Conj/Erth      #.....       100%        3    ####...
 Tukima's Dance           Hex            #.......     100%        3    ####...
 Cause Fear               Hex            #.........   100%        4    #####..
 Force Lance              Conj/Tloc      #.......     100%        4    #####..
 Fulminant Prism          Conj/Hex       #.........   100%        4    #####..
 Iskenderun's Mystic Bla  Conj           #.......     100%        4    #####..
 Olgreb's Toxic Radiance  Pois           #.......     100%        4    #####..
 Petrify                  Tmut/Erth      #.......     100%        4    #####..
 Sticky Flame             Conj/Fire      #.......     100%        4    #####..
 Bolt of Magma            Conj/Fire/Erth #.........   100%        5    ######.
 Fireball                 Conj/Fire      #.........   100%        5    ######.
 Irradiate                Conj/Tmut      #.........   100%        5    ######.
 Iskenderun's Battlesphe  Conj/Chrm      #.......     100%        5    ######.
 Lee's Rapid Deconstruct  Erth           #.........   100%        5    ######.
 Silence                  Hex/Air        #.........   100%        5    ######.
 Venom Bolt               Conj/Pois      #.........   100%        5    ######.
 Yara's Violent Unravell  Hex/Tmut       #.........   100%        5    ######.
 Deflect Missiles         Chrm/Air       #.........   100%        6    #######
 Hydra Form               Tmut           #.........   100%        6    #######
 Iron Shot                Conj/Erth      #.........   100%        6    #######
 Statue Form              Tmut/Erth      #........    100%        6    #######
 Dragon Form              Tmut           #.........   100%        7    #######
 Orb of Destruction       Conj           #.........   100%        7    #######
 Spellforged Servitor     Conj/Summ      #.........   100%        7    #######
 Discord                  Hex            #.........   100%        8    #######


Dungeon Overview and Level Annotations

Branches:
Dungeon (11/15)            Temple (1/1) D:7            Lair (6/6) D:9
 Shoals (0/4) Lair:4       Spider (0/4) Lair:2        Slime (0/5) Lair:6
    Orc (2/2) D:10
    Elf: Orc:2

Altars:
Ashenzari
Cheibriados
Dithmenos
Elyvilon
Fedhas
Hepliaklqana
Okawaru
Qazlal
Ru
Sif Muna
Trog
Uskayaw
Wu Jian
Yredelemnul
The Shining One

Shops:
Orc:2 *:

Annotations:
D:9 2 transporters


Innate Abilities, Weirdness & Mutations

You reflexively headbutt those who attack you in melee.
You have a pair of horns on your head.


Message History

You hit the stone giant but do no damage.
The stone giant looks as sick as possible!
You headbutt the stone giant, but do no damage.
The stone giant is heavily wounded.
You hit the stone giant. You headbutt the stone giant!!
The stone giant is severely wounded.
The stone giant hits you!!
* * * LOW HITPOINT WARNING * * *
You hear a shout!
You hit the stone giant but do no damage.
You headbutt the stone giant, but do no damage.
The stone giant is severely wounded.
The stone giant completely misses you.
You slash the stone giant! You headbutt the stone giant!
The stone giant is almost dead.
You hit the stone giant but do no damage.
The stone giant looks as sick as possible!
The stone giant is almost dead.
The stone giant hits you!!
You die...

)[))........######..######
)<)......(..#∩...#..#
..[.....)().#....#..#
.........)).#....#..#
.##.#.......#....#..###'#
####......)[###'##)......
#.............(C)..8...
##..#.....###C##)......
#...##...#..)@#.......
#...#....#....#..###.#
##.###...#∩...#..# #
######..######..#
##.##............
#...#.........C.......
##.###.........#........
#........................
##.......................


You could see a stone giant.

Vanquished Creatures
  A dire elephant (Lair:6)
  4 hydras
  A merfolk avatar (Lair:6)
  2 two-headed ogres
  6 death yaks (Lair:6)
  An orc high priest (Orc:1)
  2 harpies (Lair:6)
  4 orc knights (Orc:2)
  An oklob plant (Orc:1)
  2 moths of wrath
  A manticore (Lair:6)
  20 elephants
  2 black mambas (Lair:6)
  Maurice (D:8)
  A torpor snail (Lair:5)
  A rime drake (Lair:3)
  8 spiny frogs
  5 komodo dragons (Lair:6)
  A wind drake (Lair:6)
  3 trolls
  2 hornets
  4 polar bears
  5 hippogriffs
  12 tyrant leeches
  15 blink frogs
  45 yaks
  2 water elementals (D:11)
  2 wyverns
  A hog (D:9)
  4 basilisks
  A human (D:9)
  3 hungry ghosts
  3 steam dragons
  4 swamp worms
  7 wargs
  15 water moccasins
  5 porcupines
  2 ice beasts
  2 sky beasts
  27 orc warriors
  7 ogres
  3 black bears
  2 necrophages
  2 centaurs
  A phantom (D:10)
  17 wolves
  14 crocodiles
  Blork the orc (D:6)
  20 bullfrogs
  6 scorpions
  A troll zombie (D:10)
  12 wights
  4 electric eels
  7 crimson imps
  5 howler monkeys
  3 bullfrog zombies
  3 quasits
  2 gnoll shamans
  4 jellies
  5 centaur skeletons
  7 orc priests
  2 hounds
  15 orc wizards
  An iguana (D:4)
  9 worker ants
  Natasha (thrice) (D:2)
  7 hell rats (Lair:3)
  5 ogre zombies (D:10)
  A hound zombie (D:10)
  2 hound skeletons
  Robin (D:3)
  2 howler monkey skeletons
  13 gnolls
  3 adders
  An adder zombie (D:4)
  4 worms
  2 leopard geckos
  62 orcs
  2 ball pythons
  4 giant cockroaches
  14 goblins
  9 hobgoblins
  11 kobolds
  6 quokkas
  7 bats
  5 frilled lizards
  2 goblin skeletons (D:10)
  4 goblin zombies (D:10)
  4 hobgoblin zombies (D:10)
  A jackal skeleton (D:5)
  A leopard gecko skeleton (D:4)
  2 orc skeletons (D:10)
  7 orc zombies (D:10)
  4 rats
570 creatures vanquished.

Vanquished Creatures (others)
  A steam dragon (D:7)
  10 fungi
  24 plants
35 creatures vanquished.

Grand Total: 605 creatures vanquished

Notes
Turn   | Place    | Note
-------+----------+-------------------------------------------
     0 | D:1      | blexxed the Minotaur Fighter began the quest for the Orb.
     0 | D:1      | Reached XP level 1. HP: 19/19 MP: 0/0
    80 | D:1      | Reached skill level 3 in Axes
   154 | D:1      | Reached XP level 2. HP: 26/26 MP: 1/1
   485 | D:2      | Found a glowing golden altar of the Shining One.
   558 | D:2      | Noticed Natasha
   565 | D:2      | Reached skill level 4 in Axes
   567 | D:2      | Noticed a crimson imp
   567 | D:2      | Killed Natasha
   567 | D:2      | Reached XP level 3. HP: 12/31 MP: 2/2
   828 | D:2      | Noticed an ogre
   836 | D:2      | Killed an ogre
   836 | D:2      | Reached skill level 6 in Axes
   836 | D:2      | Reached XP level 4. HP: 5/39 MP: 3/3
   854 | D:2      | Noticed Natasha
   855 | D:2      | Killed Natasha
   855 | D:2      | Reached XP level 5. HP: 8/45 MP: 4/4
  1099 | D:2      | Found a shadowy altar of Dithmenos.
  1275 | D:2      | Noticed Natasha
  1291 | D:2      | Killed Natasha
  1291 | D:2      | Reached skill level 7 in Axes
  1761 | D:3      | Noticed a centaur
  1771 | D:3      | Killed a centaur
  1771 | D:3      | Reached skill level 8 in Axes
  1771 | D:3      | Reached XP level 6. HP: 28/51 MP: 5/5
  2005 | D:3      | Found a basalt altar of Yredelemnul.
  2063 | D:3      | Found a white marble altar of Elyvilon.
  2085 | D:3      | Noticed Robin
  2107 | D:3      | Killed Robin
  2393 | D:4      | Noticed a hippogriff
  2405 | D:5      | Entered Level 5 of the Dungeon
  2412 | D:5      | Noticed an ice beast
  2495 | D:5      | Reached skill level 9 in Axes
  2512 | D:5      | Reached XP level 7. HP: 55/58 MP: 6/6
  2642 | D:5      | Found a shattered altar of Ashenzari.
  2919 | D:4      | Killed a hippogriff
  2919 | D:4      | Reached skill level 10 in Axes
  3518 | D:6      | Reached XP level 8. HP: 67/67 MP: 7/7
  3521 | D:6      | Reached skill level 11 in Axes
  3601 | D:6      | Noticed Blork the orc
  3609 | D:6      | Killed Blork the orc
  3877 | D:6      | Reached skill level 5 in Fighting
  3900 | D:6      | Found a snail-covered altar of Cheibriados.
  3970 | D:6      | Reached skill level 12 in Axes
  4580 | D:7      | Reached XP level 9. HP: 66/75 MP: 8/8
  4694 | D:7      | Reached skill level 13 in Axes
  4894 | D:7      | Found a staircase to the Ecumenical Temple.
  4914 | Temple   | Entered the Ecumenical Temple
  4928 | Temple   | Became a worshipper of Warmaster Okawaru
  5349 | D:7      | Reached skill level 14 in Axes
  5363 | D:7      | Reached * piety under Okawaru
  5885 | D:8      | Noticed Maurice
  5899 | D:8      | Killed Maurice
  5899 | D:8      | Reached XP level 10. HP: 90/90 MP: 9/9
  5957 | D:8      | Found a hide-covered altar of Uskayaw.
  6287 | D:8      | Reached ** piety under Okawaru
  6300 | D:8      | Found an ornate altar of the Wu Jian Council.
  6539 | D:9      | Found a hazy altar of Hepliaklqana.
  6559 | D:9      | Reached skill level 15 in Axes
  6825 | D:9      | Reached skill level 5 in Armour
  6898 | D:9      | Reached *** piety under Okawaru
  7038 | D:9      | Found a staircase to the Lair.
  7121 | D:9      | Reached skill level 16 in Axes
  7224 | D:9      | Reached **** piety under Okawaru
  7260 | D:9      | Noticed a two-headed ogre
  7274 | D:9      | Killed a two-headed ogre
  7274 | D:9      | Reached skill level 5 in Shields
  7363 | D:9      | Found a transporter.
  7611 | D:9      | Noticed a four-headed hydra
  7614 | D:9      | Found a deep blue altar of Sif Muna.
  7637 | D:9      | Found a transporter.
  7676 | D:9      | Found a deep blue altar of Sif Muna.
  7728 | D:9      | Reached XP level 11. HP: 95/95 MP: 10/10
  7815 | D:10     | Entered Level 10 of the Dungeon
  8187 | D:10     | Reached skill level 17 in Axes
  8384 | D:10     | Found a staircase to the Orcish Mines.
  8437 | D:10     | Received a gift from Okawaru
  8868 | Orc:1    | Entered Level 1 of the Orcish Mines
  9116 | D:11     | Got an ebony flail
  9117 | D:11     | Identified the +9 flail "Effione" {holy, MR+ MP+9} (You found it on level 11 of the Dungeon)
  9837 | D:11     | Found a deep blue altar of Sif Muna.
 10225 | D:11     | Reached ***** piety under Okawaru
 10488 | Lair:1   | Entered Level 1 of the Lair of Beasts
 10557 | Lair:1   | Reached skill level 18 in Axes
 11336 | Lair:1   | Received a gift from Okawaru
 12025 | Lair:2   | Noticed an eight-headed hydra
 12034 | Lair:2   | Killed an eight-headed hydra
 12151 | Lair:2   | Reached XP level 12. HP: 98/104 MP: 11/11
 12308 | Lair:2   | Found a hole to the Spider Nest.
 13106 | Lair:3   | Reached skill level 10 in Fighting
 14847 | Lair:4   | Found a staircase to the Shoals.
 15708 | Lair:5   | Received a gift from Okawaru
 15713 | Lair:5   | Reached skill level 10 in Armour
 15713 | Lair:5   | Reached skill level 10 in Shields
 15744 | Lair:5   | HP: 3/111 [tyrant leech (15)]
 16158 | Lair:4   | Reached XP level 13. HP: 87/117 MP: 12/12
 16404 | Lair:4   | Reached skill level 1 in Invocations
 17381 | Lair:5   | Reached skill level 5 in Invocations
 18140 | Lair:6   | Entered Level 6 of the Lair of Beasts
 19061 | Lair:6   | Received a gift from Okawaru
 19072 | Lair:6   | Got a spiked shield {god gift}
 19083 | Lair:6   | Identified the +3 shield "Oqush" {Str+5} (Okawaru gifted it to you on level 6 of the Lair of Beasts)
 19604 | Lair:6   | Reached XP level 14. HP: 112/125 MP: 16/16
 20186 | Lair:6   | Found a staircase to the Slime Pits.
 20720 | Orc:2    | Entered Level 2 of the Orcish Mines
 21869 | Orc:2    | Received a gift from Okawaru
 21923 | Orc:2    | Found Gogo's Book Emporium.
 21923 | Orc:2    | Found Liufuec's General Store.
 21934 | Orc:2    | Noticed a stone giant
 21950 | Orc:2    | Reached skill level 15 in Shields
 21961 | Orc:2    | Mangled by a stone giant

Skill      XL: |  1  2  3  4  5  6  7  8  9 10 11 12 13 14 |
---------------+-------------------------------------------+-----
Axes           | 3 4 6 8 9 10 12 14 16 18 | 18.4
Fighting       | 4 6 8 9 11 | 11.9
Armour         | 6 7 10 12 | 12.8
Shields        | 5 6 10 13 15 | 15.0
Invocations    | 5 |  5.3

Action                   |  1- 3 |  4- 6 |  7- 9 | 10-12 | 13-15 || total
-------------------------+-------+-------+-------+-------+-------++-------
Melee: War axe           |    57 |   113 |   173 |    64 |   189 ||   596
       Headbutt          |     6 |    20 |    65 |   212 |   179 ||   482
       Hand axe          |       |       |   163 |   615 |       ||   778
       Flail             |       |       |       |   282 |   634 ||   916
Invok: Heroism           |       |       |       |    16 |    14 ||    30
       Finesse           |       |       |       |     1 |     2 ||     3
  Use: Potion            |     1 |       |     3 |     2 |     1 ||     7
       Scroll            |       |     6 |     4 |    15 |       ||    25
  Eat: Chunk             |       |     5 |    10 |    31 |    18 ||    64
       Ration            |       |       |     2 |     1 |     1 ||     4
Armor: Scale mail        |    19 |    39 |   107 |    82 |       ||   247
       Plate armour      |       |       |       |   216 |   201 ||   417
Dodge: Dodged            |    16 |    35 |   122 |   364 |   291 ||   828
Block: Shield            |    31 |    47 |   145 |   474 |   557 ||  1254
